 Dungeon Sprint DCSS version 0.21-a0-67-g3f13d09 (webtiles) character file.

9300000 w00t the Heavyweight Champion (level 27, -18/323 HPs)
             Began as a Troll Monk on June 17, 2017.
             Was the Champion of Makhleb.
             Killed from afar by a dread (31 damage)
             ... with damnation
             ... in the Dungeon (Sprint VIII: "Arena of Blood").
             The game lasted 00:02:22 (93 turns).

w00t the Heavyweight Champion (Troll Monk)            Turns: 93, Time: 00:02:23

Health: -18/323    AC:  7    Str: 27    XL:     27
Magic:  21/53      EV: 32    Int:  6    God:    Makhleb [******]
Gold:   0          SH:  0    Dex: 21    Spells: 80/80 levels left

rFire    . . .     SeeInvis .   j - +∞ Axe of Woe
rCold    . . .     Gourm    +   (shield currently unavailable)
rNeg     . . .     Faith    .   b - +0 robe
rPois    .         Spirit   .   (helmet restricted)
rElec    .         Reflect  .   (no cloak)
rCorr    .         Harm     .   (gloves unavailable)
MR       ++...     NoTele   +   (boots unavailable)
Stlth    +++++++++.             (no amulet)
HPRegen  1.03/turn              (no ring)
MPRegen  0.33/turn              (no ring)

@: hasted, very quick
A: unfitting armour, claws 3, fast metabolism 3, gourmand, regeneration 1,
shaggy fur 1, tough skin 2
a: Minor Destruction, Lesser Servant of Makhleb, Major Destruction, Greater
Servant of Makhleb, Renounce Religion


You were in the Dungeon.
You worshipped Makhleb.
Makhleb was exalted by your worship.
You were not hungry.

You visited 1 branch

Inventory:

Hand Weapons
 a - a +0 hand axe
 j - the +∞ Axe of Woe (weapon)
   (You found it in the Dungeon)
Armour
 b - a +0 robe (worn)
Scrolls
 i - a scroll of blinking {!r}
Potions
 d - a potion of curing {@q1}
 e - a potion of heal wounds {@q2}
 g - 2 potions of magic
 h - a potion of berserk rage {!q}
Comestibles
 c - 2 bread rations


   Skills:
 O Level 27 Fighting
 O Level 27 Axes
 O Level 27 Throwing
 O Level 27 Armour
 O Level 27 Dodging
 O Level 27 Stealth
 O Level 27 Unarmed Combat
 O Level 27 Spellcasting
 O Level 27 Invocations


You had 80 spell levels left.
You didn't know any spells.

Dungeon Overview and Level Annotations

Branches:
Dungeon (1/1)

Altars:
Makhleb


Innate Abilities, Weirdness & Mutations

You are too large for most types of armour.
You have claws for hands.
Your metabolism is lightning-fast.
You like to eat raw meat.
Your natural rate of healing is unusually fast.
You are covered in fur. (AC +1)
You have very tough skin. (AC +2)


Message History

You hear a shout!
The dread calls on the powers of darkness!
The eight-headed meat hydra convulses!
The bag of meat convulses!
Your body is wracked with pain!
* * * LOW HITPOINT WARNING * * *
The eight-headed meat hydra calls on the powers of darkness!
The eight-headed meat hydra convulses!
The bag of meat convulses!
The meat berserker convulses!
Your body is wracked with pain!
* * * LOW HITPOINT WARNING * * *
The bag of meat convulses! x2
You hear a shout! x5
You feel yourself speed up.
You hear a shout! x3
The accursed gestures at you while chanting.
Something smites you!
* * * LOW HITPOINT WARNING * * *
You hear a shout!
The dread throws damnation at you.
The sphere of damnation explodes!
The damnation engulfs you!
You die...

.......%..###)x.o.....
..#.%......_)z§)......
#.......#..Ox)#)......
..%...))#_.<)_#.......
#.....).#)....#.o....#
..#...))).§_.%LoXX....
..o......)###.WX.X{o..
..o..###.§))Wxo###....
....o #%))@o§.# ....


.ooo #.......# .Vo .....%..DWM.O.. o#. .......%....... ............%%.#
..%%........%##. ...#..{....%#. ..LW.......#.. You could see an accursed, a
tentacled monstrosity, 2 tyrants, an eight-headed meat hydra, 3 large
abominations, 4 dreads, a meat berserker (berserk), 4 bags of meat and a
crawling corpse.

Vanquished Creatures
  Sigmund (D)
  4 hell beasts (D)
  3 greater mummies (D)
  A wraith (D)
  Harold (D)
  15 vampire knights (D)
  33 ogres (D)
  9 two-headed ogres (D)
  4 liches (D)
  2 hydras (D)
  53 orcs (D)
  A phantom (D)
  6 skeletal warriors (D)
  3 large abominations (D)
  2 small abominations (D)
  10 crawling corpses (D)
148 creatures vanquished.

Vanquished Creatures (others)
  4 crawling corpses (D)
4 creatures vanquished.

Grand Total: 152 creatures vanquished

Notes
Turn   | Place    | Note
-------+----------+-------------------------------------------
     0 | D        | w00t the Troll Monk began the quest for the Orb.
     0 | D        | Reached XP level 1. HP: 22/22 MP: 0/0
     5 | D        | Noticed a bag of meat
     5 | D        | Noticed a meat berserker
     5 | D        | Became a worshipper of Makhleb the Destroyer
     5 | D        | Reached * piety under Makhleb
     5 | D        | Reached ** piety under Makhleb
     7 | D        | Noticed a bag of meat
     7 | D        | Killed a meat berserker
     7 | D        | Reached skill level 10 in Axes
     7 | D        | Reached skill level 10 in Armour
     7 | D        | Reached skill level 10 in Dodging
     7 | D        | Reached XP level 2. HP: 48/48 MP: 0/10
     7 | D        | Reached XP level 3. HP: 55/55 MP: 0/11
     7 | D        | Reached XP level 4. HP: 65/65 MP: 0/13
     7 | D        | Reached XP level 5. HP: 71/71 MP: 0/14
     7 | D        | Reached XP level 6. HP: 80/80 MP: 0/16
     7 | D        | Reached XP level 7. HP: 88/88 MP: 0/17
     7 | D        | Reached XP level 8. HP: 97/97 MP: 0/19
     7 | D        | Reached XP level 9. HP: 105/105 MP: 0/20
     7 | D        | Reached XP level 10. HP: 113/113 MP: 0/21
     7 | D        | Reached XP level 11. HP: 120/120 MP: 0/22
     7 | D        | Reached XP level 12. HP: 130/130 MP: 0/23
     7 | D        | Reached XP level 13. HP: 137/137 MP: 0/24
     9 | D        | Noticed a meat berserker
     9 | D        | Noticed a bag of meat
     9 | D        | Killed a bag of meat
    10 | D        | Noticed a meat berserker
    10 | D        | Noticed a bag of meat
    11 | D        | Noticed a bag of meat
    11 | D        | Noticed a meat berserker
    11 | D        | Noticed a meat berserker
    11 | D        | Killed a bag of meat
    11 | D        | Reached XP level 14. HP: 150/150 MP: 1/26
    12 | D        | Noticed a meat berserker
    12 | D        | Killed a meat berserker
    12 | D        | Reached *** piety under Makhleb
    12 | D        | Reached skill level 10 in Stealth
    12 | D        | Reached skill level 15 in Unarmed Combat
    12 | D        | Reached skill level 10 in Spellcasting
    12 | D        | Reached XP level 15. HP: 162/162 MP: 1/28
    12 | D        | Reached skill level 15 in Throwing
    13 | D        | Killed a meat berserker
    13 | D        | Reached skill level 15 in Fighting
    13 | D        | Reached skill level 15 in Axes
    13 | D        | Reached skill level 15 in Armour
    13 | D        | Reached skill level 15 in Dodging
    13 | D        | Reached XP level 16. HP: 176/176 MP: 1/31
    14 | D        | Killed a meat berserker
    14 | D        | Reached **** piety under Makhleb
    15 | D        | Reached XP level 17. HP: 189/189 MP: 2/33
    15 | D        | Killed a meat berserker
    17 | D        | Noticed a meat berserker
    17 | D        | Reached ***** piety under Makhleb
    17 | D        | Reached XP level 18. HP: 205/205 MP: 2/35
    18 | D        | Killed a meat berserker
    18 | D        | Reached skill level 15 in Stealth
    18 | D        | Reached skill level 15 in Spellcasting
    18 | D        | Killed a meat berserker
    18 | D        | Reached XP level 19. HP: 219/219 MP: 2/38
    19 | D        | Noticed a large bag of meat
    21 | D        | Noticed a large bag of meat
    21 | D        | Noticed a destroyer
    23 | D        | Noticed a meat berserker
    24 | D        | Killed a large bag of meat
    24 | D        | Reached XP level 20. HP: 235/235 MP: 4/40
    24 | D        | Killed a destroyer
    24 | D        | Reached ****** piety under Makhleb
    26 | D        | Noticed a meat berserker
    26 | D        | Killed a large bag of meat
    26 | D        | Reached XP level 21. HP: 249/249 MP: 5/42
    28 | D        | Noticed The Servant
    31 | D        | Killed The Servant
    31 | D        | Reached skill level 27 in Unarmed Combat
    32 | D        | Noticed a destroyer
    33 | D        | Noticed a large bag of meat
    33 | D        | Noticed a destroyer
    33 | D        | Reached XP level 22. HP: 219/267 MP: 6/45
    33 | D        | Noticed a large bag of meat
    34 | D        | Noticed a destroyer
    34 | D        | Noticed a large bag of meat
    35 | D        | Noticed a destroyer
    35 | D        | Noticed a destroyer
    35 | D        | Noticed a destroyer
    35 | D        | Reached skill level 27 in Throwing
    38 | D        | Noticed a destroyer
    38 | D        | Killed a destroyer
    38 | D        | Reached XP level 23. HP: 197/283 MP: 8/47
    38 | D        | Killed a destroyer
    38 | D        | Reached skill level 27 in Fighting
    38 | D        | Reached skill level 27 in Axes
    38 | D        | Reached skill level 27 in Armour
    38 | D        | Reached skill level 27 in Dodging
    40 | D        | Reached XP level 24. HP: 295/295 MP: 8/52
    41 | D        | Noticed a destroyer
    41 | D        | Killed a large bag of meat
    41 | D        | Reached skill level 27 in Stealth
    41 | D        | Reached skill level 27 in Spellcasting
    41 | D        | Killed a large bag of meat
    43 | D        | Noticed a destroyer
    44 | D        | Noticed a large bag of meat
    45 | D        | Noticed a destroyer
    45 | D        | Reached skill level 27 in Invocations
    45 | D        | Killed a destroyer
    45 | D        | Reached XP level 25. HP: 304/304 MP: 9/53
    45 | D        | Killed a destroyer
    47 | D        | Noticed a tyrant
    50 | D        | Noticed an accursed
    50 | D        | Killed a destroyer
    50 | D        | Reached XP level 26. HP: 314/314 MP: 11/53
    50 | D        | Killed a destroyer
    51 | D        | Killed a large bag of meat
    51 | D        | Reached XP level 27. HP: 323/323 MP: 11/53
    52 | D        | Noticed a large bag of meat
    53 | D        | Killed an accursed
    55 | D        | Noticed a destroyer
    55 | D        | Noticed a tyrant
    56 | D        | Noticed a tyrant
    57 | D        | Noticed a destroyer
    57 | D        | Killed a tyrant
    57 | D        | Killed a destroyer
    59 | D        | Noticed a tyrant
    60 | D        | Noticed a meat beast
    61 | D        | Killed a tyrant
    62 | D        | Killed a destroyer
    62 | D        | Killed a meat beast
    62 | D        | Killed a large bag of meat
    63 | D        | Noticed a large bag of meat
    65 | D        | Noticed an accursed
    65 | D        | Killed a destroyer
    65 | D        | Killed a tyrant
    67 | D        | Noticed a dread
    67 | D        | Noticed a destroyer
    68 | D        | Noticed The Captor
    68 | D        | Killed a tyrant
    69 | D        | Noticed a destroyer
    70 | D        | Noticed an accursed
    70 | D        | Killed a destroyer
    71 | D        | Noticed a large bag of meat
    75 | D        | Killed a dread
    75 | D        | Killed a destroyer
    77 | D        | Noticed a meat beast
    77 | D        | Killed a large bag of meat
    77 | D        | Killed a destroyer
    77 | D        | Killed a large bag of meat
    78 | D        | Killed The Captor
    79 | D        | Noticed a meat beast
    79 | D        | Killed a destroyer
    81 | D        | Noticed a tyrant
    81 | D        | Killed a large bag of meat
    82 | D        | Noticed a dread
    82 | D        | Killed a meat beast
    83 | D        | Killed an accursed
    83 | D        | Killed a meat beast
    84 | D        | Noticed an accursed
    87 | D        | Noticed a meat beast
    87 | D        | Killed a meat beast
    89 | D        | Noticed a dread
    89 | D        | Killed a destroyer
    90 | D        | Killed an accursed
    91 | D        | Noticed a dread
    92 | D        | Noticed a dread
    93 | D        | HP: 13/323 [accursed/divine providence (11)]
    93 | D        | Killed from afar by a dread

Vault maps used:
D:        meatsprint

Skill      XL: |  1  2  3  4  5  6  7  8  9 10 11 12 13 14 15 16 17 18 19 20 21 22 23 24 |
---------------+-------------------------------------------------------------------------+-----
Fighting       | 11 12 13 15 16 18 20 21 23 25 26 27 | 27.0
Axes           | 10 12 13 15 16 18 20 21 23 25 26 27 | 27.0
Throwing       | 11 13 14 16 18 19 21 23 24 26 27 | 27.0
Armour         | 10 12 13 15 16 18 20 21 23 25 26 27 | 27.0
Dodging        | 10 12 13 15 16 18 20 21 23 25 26 27 | 27.0
Stealth        | 8 9 10 12 13 14 16 17 18 20 21 26 27 | 27.0
Unarmed Combat | 12 14 15 17 19 21 23 24 26 27 | 27.0
Spellcasting   | 8 9 10 12 13 14 16 17 18 20 21 26 27 | 27.0
Invocations    | 27 | 27.0

Action                   |  1- 3 |  4- 6 |  7- 9 | 10-12 | 13-15 | 16-18 | 19-21 | 22-24 | 25-27 || total
-------------------------+-------+-------+-------+-------+-------+-------+-------+-------+-------++-------
Melee: Executioner's axe |     1 |       |       |       |     4 |     4 |     7 |    11 |    41 ||    68
  Use: Potion            |       |       |       |       |       |       |       |       |     1 ||     1
Dodge: Dodged            |       |       |       |       |       |       |     1 |       |     2 ||     3
